[Event "ESTCC-50 2025"]
[Site "Swidnica"]
[Date "2025.04.13"]
[Round "9.1"]
[White "Bischoff, Klaus"]
[Black "Adams, Michael"]
[Result "1/2-1/2"]
[Annotator "ChessBase"]
[ECO "E49"]
[WhiteElo "2425"]
[BlackElo "2661"]
[PlyCount "54"]
[EventDate "2025.04.05"]
[EventType "team-tourn"]
[EventCountry "POL"]
[SourceTitle "playchess.com"]
[Source "ChessBase"]
[SourceQuality "1"]
[WhiteTeam "Germany"]
[BlackTeam "England"]
[WhiteTeamCountry "GER"]
[BlackTeamCountry "ENG"]
[TimeControl "40/5400+30:1800+30"]

1. d4 Nf6 2. c4 e6 3. Nc3 Bb4 4. e3 O-O 5. Bd3 d5 6. a3 Bxc3+ 7. bxc3 dxc4 8. Bxc4 c5 9. Bb2 Qa5 10. Nf3 cxd4 11. exd4 b6 12. Qe2 Ba6 13. Bxa6 Nxa6 14. a4 Nc7 15. O-O Ncd5 16. c4 Nf4 17. Qe3 Qf5 18. h3 Rfc8 19. Bc1 Ng6 20. Qb3 Rc7 21. Be3 Rac8 22. Rfc1 Nf4 23. Bxf4 Qxf4 24. a5 Nd7 25. axb6 axb6 26. Qb5 g6 27. Re1 Qd6 1/2-1/2

[Event "ESTCC-50 2025"]
[Site "Swidnica"]
[Date "2025.04.13"]
[Round "9.2"]
[White "Emms, John M"]
[Black "Holzke, Frank"]
[Result "1/2-1/2"]
[Annotator "ChessBase"]
[ECO "B31"]
[WhiteElo "2411"]
[BlackElo "2412"]
[PlyCount "33"]
[EventDate "2025.04.05"]
[EventType "team-tourn"]
[EventCountry "POL"]
[SourceTitle "playchess.com"]
[Source "ChessBase"]
[SourceQuality "1"]
[WhiteTeam "England"]
[BlackTeam "Germany"]
[WhiteTeamCountry "ENG"]
[BlackTeamCountry "GER"]
[TimeControl "40/5400+30:1800+30"]

1. e4 c5 2. Nf3 Nc6 3. Bb5 g6 4. O-O Bg7 5. c3 Nf6 6. Re1 O-O 7. d4 cxd4 8. cxd4 d5 9. e5 Ne4 10. Bxc6 bxc6 11. Be3 Qb6 12. Qc1 Rb8 13. b3 a5 14. Nc3 Nxc3 15. Qxc3 Ba6 16. Rac1 Rfc8 17. Bg5 1/2-1/2

[Event "ESTCC-50 2025"]
[Site "Swidnica"]
[Date "2025.04.13"]
[Round "9.3"]
[White "Boensch, Uwe"]
[Black "Flear, Glenn C"]
[Result "1/2-1/2"]
[Annotator "ChessBase"]
[ECO "D35"]
[WhiteElo "2465"]
[BlackElo "2366"]
[PlyCount "29"]
[EventDate "2025.04.05"]
[EventType "team-tourn"]
[EventCountry "POL"]
[SourceTitle "playchess.com"]
[Source "ChessBase"]
[SourceQuality "1"]
[WhiteTeam "Germany"]
[BlackTeam "England"]
[WhiteTeamCountry "GER"]
[BlackTeamCountry "ENG"]
[TimeControl "40/5400+30:1800+30"]

1. d4 d5 2. c4 e6 3. Nc3 Nf6 4. cxd5 exd5 5. Bg5 Be7 6. e3 O-O 7. Bd3 Re8 8. Qc2 h6 9. Bh4 c6 10. Nf3 Ne4 11. Bxe7 Qxe7 12. O-O Bf5 13. Rfe1 Nd7 14. Nd2 Bg6 15. Nf1 1/2-1/2

[Event "ESTCC-50 2025"]
[Site "Swidnica"]
[Date "2025.04.13"]
[Round "9.4"]
[White "Davies, Nigel R"]
[Black "Tischbierek, Raj"]
[Result "1/2-1/2"]
[Annotator "ChessBase"]
[ECO "A46"]
[WhiteElo "2309"]
[BlackElo "2418"]
[PlyCount "27"]
[EventDate "2025.04.05"]
[EventType "team-tourn"]
[EventCountry "POL"]
[SourceTitle "playchess.com"]
[Source "ChessBase"]
[SourceQuality "1"]
[WhiteTeam "England"]
[BlackTeam "Germany"]
[WhiteTeamCountry "ENG"]
[BlackTeamCountry "GER"]
[TimeControl "40/5400+30:1800+30"]

1. d4 Nf6 2. Nf3 d5 3. c4 e6 4. e3 Be7 5. Nc3 O-O 6. Bd3 c5 7. O-O cxd4 8. exd4 dxc4 9. Bxc4 Nc6 10. a3 b6 11. d5 Na5 12. Ba2 exd5 13. Nxd5 Nxd5 14. Bxd5 1/2-1/2

[Event "ESTCC-50 2025"]
[Site "Swidnica"]
[Date "2025.04.13"]
[Round "9.5"]
[White "Zeidler, Sven P."]
[Black "Buckley, Graeme N"]
[Result "1/2-1/2"]
[Annotator "ChessBase"]
[ECO "B23"]
[WhiteElo "2143"]
[BlackElo "2268"]
[PlyCount "97"]
[EventDate "2025.04.05"]
[EventType "team-tourn"]
[EventCountry "POL"]
[SourceTitle "playchess.com"]
[Source "ChessBase"]
[SourceQuality "1"]
[WhiteTeam "Wales"]
[BlackTeam "England"]
[WhiteTeamCountry "WLS"]
[BlackTeamCountry "ENG"]
[TimeControl "40/5400+30:1800+30"]

1. e4 c5 2. Nc3 Nc6 3. f4 g6 4. Nf3 Bg7 5. Bb5 Nd4 6. O-O a6 7. Bd3 d6 8. b3 Nf6 9. Rb1 O-O 10. Bb2 b5 11. a4 Bb7 12. axb5 axb5 13. Nxd4 cxd4 14. Nxb5 Nxe4 15. Qe2 Qb6 16. Bxe4 d3+ 17. Qf2 Qxf2+ 18. Kxf2 Bxe4 19. c4 Bh6 20. g3 Rab8 21. Rfe1 f5 22. Ba3 Rb7 23. Nc3 Ra8 24. Nxe4 fxe4 25. Bc1 Rab8 26. Rxe4 Kf7 27. c5 dxc5 28. Ba3 Rc8 29. Rc1 Rb5 30. Ke3 Bg7 31. Rec4 Rxb3 32. Bxc5 Bb2 33. Bd4 Bxd4+ 34. Kxd4 Rd8+ 35. Ke3 Rb6 36. Rd4 Re6+ 37. Re4 Rdd6 38. Rc3 Rxe4+ 39. Kxe4 Re6+ 40. Kxd3 Re1 41. h4 Kf6 42. Kd4 Re2 43. Kd3 Rg2 44. Ke4 Rxd2 45. Rc6+ Kf7 46. h5 Ra2 47. hxg6+ hxg6 48. Kf3 Ra3+ 49. Ke4 1/2-1/2

[Event "ESTCC-50 2025"]
[Site "Swidnica"]
[Date "2025.04.13"]
[Round "9.6"]
[White "Duncan, Chris R"]
[Black "Fletcher, John"]
[Result "1-0"]
[Annotator "ChessBase"]
[ECO "B24"]
[WhiteElo "2178"]
[BlackElo "1989"]
[PlyCount "64"]
[EventDate "2025.04.05"]
[EventType "team-tourn"]
[EventCountry "POL"]
[SourceTitle "playchess.com"]
[Source "ChessBase"]
[SourceQuality "1"]
[WhiteTeam "England"]
[BlackTeam "Wales"]
[WhiteTeamCountry "ENG"]
[BlackTeamCountry "WLS"]
[TimeControl "40/5400+30:1800+30"]

1. e4 c5 2. Nc3 Nc6 3. Bb5 Nd4 4. Nf3 Nf6 5. e5 Ng4 6. Nxd4 cxd4 7. Qxg4 dxc3 8. dxc3 Qa5 9. Qe2 g6 10. O-O Bg7 11. Re1 O-O 12. Bg5 a6 13. Bc4 d5 14. Bb3 Re8 15. Rad1 Be6 16. Rd4 Rad8 17. Qd2 Rd7 18. Bh6 Bh8 19. h4 Qc7 20. Bxd5 Bxd5 21. Rxd5 Red8 22. Rxd7 Rxd7 23. Qe3 e6 24. b3 b5 25. Qe4 Qb8 26. f4 Rd2 27. Kh2 Qc8 28. Re3 Qd8 29. Bg5 Qb6 30. Rd3 Qf2 31. Rxd2 Qxd2 32. f5 Qc1 1-0

[Event "ESTCC-50 2025"]
[Site "Swidnica"]
[Date "2025.04.13"]
[Round "9.7"]
[White "Adams, Mark"]
[Black "Crocker, Philip J"]
[Result "1/2-1/2"]
[Annotator "ChessBase"]
[ECO "C47"]
[WhiteElo "1916"]
[BlackElo "2137"]
[PlyCount "26"]
[EventDate "2025.04.05"]
[EventType "team-tourn"]
[EventCountry "POL"]
[SourceTitle "playchess.com"]
[Source "ChessBase"]
[SourceQuality "1"]
[WhiteTeam "Wales"]
[BlackTeam "England"]
[WhiteTeamCountry "WLS"]
[BlackTeamCountry "ENG"]
[TimeControl "40/5400+30:1800+30"]

1. e4 e5 2. Nf3 Nc6 3. Nc3 Nf6 4. d4 exd4 5. Nxd4 Bb4 6. Nxc6 bxc6 7. Bd3 O-O 8. O-O Re8 9. Qf3 h6 10. h3 d6 11. Ne2 Nd7 12. Qg3 Qf6 13. c3 Bc5 1/2-1/2

[Event "ESTCC-50 2025"]
[Site "Swidnica"]
[Date "2025.04.13"]
[Round "9.8"]
[White "Noyce, Robert C"]
[Black "Van Kemenade, Rudy"]
[Result "1/2-1/2"]
[Annotator "NA"]
[ECO "A25"]
[WhiteElo "2065"]
[BlackElo "1945"]
[PlyCount "29"]
[EventDate "2025.04.05"]
[EventType "team-tourn"]
[EventCountry "POL"]
[SourceTitle "playchess.com"]
[Source "ChessBase"]
[SourceQuality "1"]
[WhiteTeam "England"]
[BlackTeam "Wales"]
[WhiteTeamCountry "ENG"]
[BlackTeamCountry "WLS"]
[TimeControl "40/5400+30:1800+30"]

1. c4 e5 2. Nc3 Nc6 3. g3 d6 4. Bg2 g6 5. e3 Bg7 6. Nge2 h5 7. h4 Bg4 8. d3 Qd7 9. a3 a5 10. Nd5 Nge7 11. Qc2 Nd8 12. Nec3 Nxd5 13. Nxd5 Be6 14. Bd2 Ra6 15. Rc1 1/2-1/2

[Event "ESTCC-50 2025"]
[Site "Swidnica"]
[Date "2025.04.13"]
[Round "9.9"]
[White "Rogowski, Jaroslaw"]
[Black "Zych, Marek"]
[Result "0-1"]
[Annotator "NA"]
[ECO "B33"]
[WhiteElo "2050"]
[BlackElo "1942"]
[PlyCount "122"]
[EventDate "2025.04.05"]
[EventType "team-tourn"]
[EventCountry "POL"]
[SourceTitle "playchess.com"]
[Source "ChessBase"]
[SourceQuality "1"]
[WhiteTeam "Poland"]
[BlackTeam "Poland"]
[WhiteTeamCountry "POL"]
[BlackTeamCountry "POL"]
[TimeControl "40/5400+30:1800+30"]

1. e4 c5 2. Nf3 Nc6 3. d4 cxd4 4. Nxd4 Nf6 5. Nc3 e5 6. Ndb5 d6 7. Bg5 a6 8. Na3 b5 9. Nd5 Be7 10. Bxf6 Bxf6 11. g3 O-O 12. h4 Rb8 13. c3 Be6 14. Bh3 Qd7 15. Bxe6 fxe6 16. Ne3 Bd8 17. Nac2 Bb6 18. Qg4 a5 19. O-O Bc5 20. a3 a4 21. Rad1 Na5 22. Kg2 Rf6 23. h5 Qc6 24. Rd2 Nb3 25. Rd3 Rbf8 26. f3 Qb6 27. Qg5 h6 28. Qh4 Na5 29. Ng4 R6f7 30. Nce3 Nc4 31. Nd1 Qc6 32. Re1 Bb6 33. Re2 Qc5 34. Qh1 Bc7 35. Qe1 Kh8 36. Nh2 d5 37. Nf2 d4 38. Nd1 Bb6 39. g4 Qe7 40. Nf1 Qg5 41. Nf2 Qf6 42. Nh2 Ne3+ 43. Kh1 Qh4 44. Nd1 Qh3 45. Nxe3 dxe3 46. Qf1 Qxf1+ 47. Nxf1 Rxf3 48. Nxe3 Rh3+ 49. Kg2 Rff3 50. Nd5 Rxd3 51. Nxb6 Rhg3+ 52. Kf2 Rxg4 53. c4 Rf4+ 54. Kg2 bxc4 55. Nxc4 Rg4+ 56. Kf1 Rh3 57. Ke1 Rxh5 58. Nb6 Rhh4 59. Nxa4 Rxe4 60. b4 Rxe2+ 61. Kxe2 Rh3 0-1

[Event "ESTCC-50 2025"]
[Site "Swidnica"]
[Date "2025.04.13"]
[Round "9.10"]
[White "Szmyd, Marek"]
[Black "Ograbek, Grzegorz"]
[Result "0-1"]
[Annotator "ChessBase"]
[ECO "B07"]
[WhiteElo "1900"]
[BlackElo "2068"]
[PlyCount "80"]
[EventDate "2025.04.05"]
[EventType "team-tourn"]
[EventCountry "POL"]
[SourceTitle "playchess.com"]
[Source "ChessBase"]
[SourceQuality "1"]
[WhiteTeam "Poland"]
[BlackTeam "Poland"]
[WhiteTeamCountry "POL"]
[BlackTeamCountry "POL"]
[TimeControl "40/5400+30:1800+30"]

1. e4 d6 2. d4 Nf6 3. Nc3 e5 4. dxe5 dxe5 5. Qxd8+ Kxd8 6. Bc4 Ke8 7. f4 Bd6 8. Nf3 Nbd7 9. O-O c6 10. fxe5 Nxe5 11. Nxe5 Bxe5 12. Bf4 Bd4+ 13. Kh1 b5 14. Bd3 Be6 15. Nd1 Nd7 16. c3 Be5 17. Bxe5 Nxe5 18. Be2 Ke7 19. Ne3 Rhd8 20. Nf5+ Bxf5 21. Rxf5 f6 22. a4 Rd2 23. Bf1 Rxb2 24. Kg1 b4 25. cxb4 Rxb4 26. Rh5 h6 27. Rh3 Rd8 28. Rg3 g6 29. Re3 a5 30. h4 h5 31. g3 Rdd4 32. Rea3 Kd6 33. Bg2 c5 34. R3a2 Rb3 35. Rf1 Ke7 36. Kh2 Ng4+ 37. Kh1 Rxg3 38. Rc1 Kd6 39. Rac2 Rgd3 40. e5+ fxe5 0-1

[Event "ESTCC-50 2025"]
[Site "Swidnica"]
[Date "2025.04.13"]
[Round "9.11"]
[White "Czyz, Andrzej"]
[Black "Stec, Czeslaw"]
[Result "1-0"]
[Annotator "NA"]
[ECO "D30"]
[WhiteElo "1985"]
[BlackElo "1820"]
[PlyCount "50"]
[EventDate "2025.04.05"]
[EventType "team-tourn"]
[EventCountry "POL"]
[SourceTitle "playchess.com"]
[Source "ChessBase"]
[SourceQuality "1"]
[WhiteTeam "Poland"]
[BlackTeam "Poland"]
[WhiteTeamCountry "POL"]
[BlackTeamCountry "POL"]
[TimeControl "40/5400+30:1800+30"]

1. d4 d5 2. c4 e6 3. Nf3 c5 4. cxd5 exd5 5. g3 Nc6 6. Bg2 Nf6 7. O-O cxd4 8. Nxd4 Bc5 9. Nxc6 bxc6 10. Qc2 Qb6 11. Nc3 Be7 12. Na4 Qb5 13. Be3 O-O 14. b3 Ba6 15. Bf3 Nd7 16. Bd4 c5 17. Nc3 Qb8 18. Nxd5 Bd6 19. Bb2 Bb7 20. Rfd1 Rd8 21. Rd2 Nb6 22. Rad1 Nxd5 23. Bxd5 Bxd5 24. Rxd5 Qb6 25. Qe4 h6 1-0

[Event "ESTCC-50 2025"]
[Site "Swidnica"]
[Date "2025.04.13"]
[Round "9.12"]
[White "Zaremba, Artur"]
[Black "Wielosz, Jaroslaw"]
[Result "1-0"]
[Annotator "ChessBase"]
[ECO "C49"]
[WhiteElo "2133"]
[BlackElo "1939"]
[PlyCount "81"]
[EventDate "2025.04.05"]
[EventType "team-tourn"]
[EventCountry "POL"]
[SourceTitle "playchess.com"]
[Source "ChessBase"]
[SourceQuality "1"]
[WhiteTeam "Poland"]
[BlackTeam "Poland"]
[WhiteTeamCountry "POL"]
[BlackTeamCountry "POL"]
[TimeControl "40/5400+30:1800+30"]

1. e4 e5 2. Nf3 Nc6 3. Nc3 Nf6 4. Bb5 Bb4 5. d3 d6 6. O-O O-O 7. Bg5 Bxc3 8. bxc3 Qe7 9. Bxc6 bxc6 10. h3 Qe6 11. c4 Nd7 12. Nh4 f6 13. Be3 Re8 14. Nf5 Kh8 15. Qg4 Qf7 16. f4 Nf8 17. fxe5 Rxe5 18. Bd4 Bxf5 19. exf5 Re7 20. Qf3 Qe8 21. Rab1 c5 22. Bc3 Rb8 23. Rb3 Rb6 24. Kf2 Nd7 25. g4 Ne5 26. Qd1 Qc6 27. Re1 Qe8 28. Bxe5 Rxe5 29. Rxe5 fxe5 30. Qf3 Qd8 31. Kg3 h6 32. h4 Rxb3 33. axb3 Qe7 34. c3 Kg8 35. Qd5+ Kf8 36. b4 cxb4 37. cxb4 Qd7 38. b5 h5 39. Qa8+ Ke7 40. Qg8 Kf6 41. Qf8+ 1-0

[Event "ESTCC-50 2025"]
[Site "Swidnica"]
[Date "2025.04.13"]
[Round "9.13"]
[White "Laszewicz, Pawel"]
[Black "Lalic, Susan K"]
[Result "0-1"]
[Annotator "ChessBase"]
[ECO "B01"]
[WhiteElo "2011"]
[BlackElo "2227"]
[PlyCount "98"]
[EventDate "2025.04.05"]
[EventType "team-tourn"]
[EventCountry "POL"]
[SourceTitle "playchess.com"]
[Source "ChessBase"]
[SourceQuality "1"]
[WhiteTeam "Poland"]
[BlackTeam "England"]
[WhiteTeamCountry "POL"]
[BlackTeamCountry "ENG"]
[TimeControl "40/5400+30:1800+30"]

1. e4 c6 2. c4 d5 3. exd5 Nf6 4. Nc3 cxd5 5. cxd5 Nxd5 6. Nf3 Nc6 7. Bc4 Nxc3 8. bxc3 e6 9. d4 Be7 10. h4 h6 11. Qe2 a6 12. a4 Qc7 13. Bd2 Bd7 14. Bd3 Bf6 15. O-O Kf8 16. Rfe1 g6 17. h5 gxh5 18. Ne5 Nxe5 19. dxe5 Bg5 20. f4 Bh4 21. Qxh5 Bxe1 22. Rxe1 Bc6 23. f5 Rd8 24. Bxh6+ Ke8 25. Bf1 Bd5 26. Qg5 Kd7 27. c4 Rdg8 28. fxe6+ Bxe6 29. Qf6 Kc8 30. Be3 Rh5 31. Qf2 Rgh8 32. Qd2 Qxe5 33. Bf4 Qc5+ 34. Re3 Rd8 35. Qc3 Rf5 36. g3 Rxf4 37. gxf4 Rg8+ 38. Kf2 Qh5 39. Bh3 Qh4+ 40. Kf1 Bxh3+ 41. Rxh3 Qxf4+ 42. Rf3 Qg4 43. Ke1 Qg1+ 44. Kd2 Rg2+ 45. Kd3 Qd1+ 46. Ke3 Re2+ 47. Kf4 Qd6+ 48. Kg4 Rg2+ 49. Kh3 Qh2# 0-1

[Event "ESTCC-50 2025"]
[Site "Swidnica"]
[Date "2025.04.13"]
[Round "9.14"]
[White "Lauterbach, Ingrid"]
[Black "Machlowski, Slawomir"]
[Result "0-1"]
[Annotator "NA"]
[ECO "A04"]
[WhiteElo "1998"]
[BlackElo "1963"]
[PlyCount "178"]
[EventDate "2025.04.05"]
[EventType "team-tourn"]
[EventCountry "POL"]
[SourceTitle "playchess.com"]
[Source "ChessBase"]
[SourceQuality "1"]
[WhiteTeam "England"]
[BlackTeam "Czech Republic"]
[WhiteTeamCountry "ENG"]
[BlackTeamCountry "CZE"]
[TimeControl "40/5400+30:1800+30"]

1. Nf3 b6 2. e4 Bb7 3. Nc3 g6 4. d4 Bg7 5. Bc4 e6 6. O-O Ne7 7. Bf4 d6 8. Qd2 O-O 9. Bh6 d5 10. exd5 Nxd5 11. Bxg7 Kxg7 12. Nxd5 Bxd5 13. Be2 Nd7 14. c4 Bxf3 15. Bxf3 Rc8 16. c5 Nxc5 17. Qc3 Nd7 18. Rac1 Nf6 19. Bb7 Rb8 20. Bc6 Qd6 21. a3 Rfd8 22. Rfd1 e5 23. d5 Kg8 24. g3 a6 25. Qe3 h5 26. h3 e4 27. Qg5 Nh7 28. Qh6 Qe5 29. Rc3 Qf5 30. h4 Nf6 31. Qd2 Rd6 32. Qe2 a5 33. f3 Rbd8 34. Rf1 Nxd5 35. Bxd5 Qxd5 36. fxe4 Qd4+ 37. Kh1 R8d7 38. Qc2 c5 39. Rcf3 Re6 40. Rf4 Qe3 41. Qa4 Ree7 42. Qc6 Qxg3 43. Qxb6 Qh3+ 44. Kg1 Rd2 45. Qb8+ Kg7 46. Rxf7+ Rxf7 47. Qe5+ Kf8 48. Qh8+ Ke7 49. Qe5+ Qe6 50. Qg5+ Ke8 51. Rxf7 Kxf7 52. Qxd2 Qxe4 53. Qxa5 Qb1+ 54. Kg2 Qxb2+ 55. Kh3 Qb3+ 56. Kh2 Qc2+ 57. Kg3 Qd3+ 58. Kf2 Qd4+ 59. Ke2 Qxh4 60. Kd1 Qd4+ 61. Ke2 h4 62. Qc7+ Kf6 63. Qc6+ Ke5 64. Qe8+ Kf4 65. Qf7+ Kg5 66. Qe7+ Kg4 67. Qe6+ Kh5 68. a4 Qxa4 69. Qe5+ Kg4 70. Qe6+ Kg3 71. Qe3+ Kg4 72. Qe6+ Kh5 73. Qe5+ g5 74. Qh8+ Kg6 75. Qg8+ Kf6 76. Qh8+ Ke6 77. Qg8+ Kd6 78. Qb8+ Kd5 79. Qg8+ Kd4 80. Qd8+ Kc4 81. Qd3+ Kb4 82. Qd2+ Kb5 83. Qd7+ Kb4 84. Qd2+ Kb3 85. Qe3+ Kb2 86. Qe5+ Qd4 87. Qxg5 h3 88. Qh6 Qe4+ 89. Kd1 Qc2+ 0-1

[Event "ESTCC-50 2025"]
[Site "Swidnica"]
[Date "2025.04.13"]
[Round "9.15"]
[White "Kruczynski, Marek"]
[Black "Regan, Natasha K"]
[Result "1/2-1/2"]
[Annotator "ChessBase"]
[ECO "C20"]
[WhiteElo "1862"]
[BlackElo "2056"]
[PlyCount "36"]
[EventDate "2025.04.05"]
[EventType "team-tourn"]
[EventCountry "POL"]
[SourceTitle "playchess.com"]
[Source "ChessBase"]
[SourceQuality "1"]
[WhiteTeam "Poland"]
[BlackTeam "England"]
[WhiteTeamCountry "POL"]
[BlackTeamCountry "ENG"]
[TimeControl "40/5400+30:1800+30"]

1. e4 e5 2. Ne2 Nf6 3. f4 d5 4. fxe5 Nxe4 5. d3 Ng5 6. h4 Ne6 7. d4 Be7 8. g3 c5 9. c3 Nc6 10. Bg2 Qb6 11. Bxd5 cxd4 12. Bxc6+ Qxc6 13. O-O dxc3 14. Nbxc3 Qc5+ 15. Kh2 Qxe5 16. Bf4 Nxf4 17. Nxf4 O-O 18. Re1 Qc5 1/2-1/2

[Event "ESTCC-50 2025"]
[Site "Swidnica"]
[Date "2025.04.13"]
[Round "9.16"]
[White "Fink-Nunn, Petra"]
[Black "Szydelko, Kazimierz"]
[Result "1-0"]
[Annotator "NA"]
[ECO "B90"]
[WhiteElo "1997"]
[BlackElo "1798"]
[PlyCount "105"]
[EventDate "2025.04.05"]
[EventType "team-tourn"]
[EventCountry "POL"]
[SourceTitle "playchess.com"]
[Source "ChessBase"]
[SourceQuality "1"]
[WhiteTeam "England"]
[BlackTeam "Poland"]
[WhiteTeamCountry "ENG"]
[BlackTeamCountry "POL"]
[TimeControl "40/5400+30:1800+30"]

1. e4 c5 2. Nf3 d6 3. d4 cxd4 4. Nxd4 Nf6 5. Nc3 a6 6. h3 b5 7. g4 Bb7 8. Bg2 e6 9. a3 Qc7 10. O-O Be7 11. g5 Nfd7 12. f4 Nc6 13. Be3 O-O 14. f5 Nxd4 15. Qxd4 e5 16. Qd3 Kh8 17. Qe2 Rg8 18. Qg4 Nf8 19. h4 Qc4 20. Rf3 d5 21. Bf1 Qc7 22. exd5 Rd8 23. Rd1 Bc5 24. Qe4 g6 25. Kh1 Nd7 26. Bg2 Qd6 27. fxg6 fxg6 28. Rf7 Bxe3 29. Qxe3 Rge8 30. Ne4 Qb8 31. Bh3 Nf8 32. Nf6 Qa8 33. Rxb7 Qxb7 34. Nxe8 Rxe8 35. Qe4 a5 36. Bg2 Nd7 37. Rf1 Nc5 38. Qf3 e4 39. Qf6+ Qg7 40. Qc6 Qe7 41. d6 Qe5 42. b4 axb4 43. axb4 Na4 44. d7 Rd8 45. Bxe4 Nc3 46. Bf3 Qd4 47. Bg4 Ne4 48. Qc7 Rxd7 49. Qxd7 Nf2+ 50. Rxf2 Qxf2 51. Qd8+ Kg7 52. Qe7+ Kh8 53. Qf6+ 1-0